ORI
UNIVERSITY OF MIAMI HURRICANES @ UNIVERSITY OF GEORGIA BULLDOGS
11/10/2046
 
TOP OF THE 1ST
University of Miami Hurricanes batting - Pitching for University of Georgia Bulldogs : LHP Aloiki Orana
Pitching: LHP Aloiki Orana
Batting: LHB Hector Salazar 0-0: Foul Ball, location: 2F
0-1: Ball
1-1: Ball
2-1: Ground out U3 (Groundball, 3, EV 82.5 MPH)
Batting: LHB Juan Zuniga 0-0: Ground out 5-3 (Groundball, 5, EV 88.8 MPH)
Batting: RHB Jeff Parlo 0-0: Ground out 6-3 (Groundball, 6, EV 86.2 MPH)
Top of the 1st over - 0 runs, 0 hits, 0 errors, 0 left on base; University of Miami 0 - University of Georgia 0
BOTTOM OF THE 1ST
University of Georgia Bulldogs batting - Pitching for University of Miami Hurricanes : RHP Gareth Valcourt
Pitching: RHP Gareth Valcourt
Batting: RHB James Warby 0-0: Ball
1-0: Ball
2-0: Fly out, F9 (Flyball, 9S, EV 82.5 MPH)
Batting: RHB Murilo Cunha 0-0: Foul Ball, location: 2F
0-1: Foul Ball, location: 2F
0-2: Ball
1-2: Ball
2-2: Strikes out swinging
Batting: RHB Charlie Davison 0-0: Ball
1-0: Ball
2-0: Called Strike
2-1: Foul Ball, location: 2F
2-2: Fly out, F7 (Flyball, 7D, EV 94.4 MPH)
Bottom of the 1st over - 0 runs, 0 hits, 0 errors, 0 left on base; University of Miami 0 - University of Georgia 0
TOP OF THE 2ND
University of Miami Hurricanes batting - Pitching for University of Georgia Bulldogs : LHP Aloiki Orana
Batting: SHB Taylor Shelton 0-0: Foul Ball, location: 2F
0-1: Ball
1-1: Foul Ball, location: 2F
1-2: Foul Ball, location: 2F
1-2: Ground out 3-1 (Groundball, 34, EV 108.1 MPH)
Batting: RHB Chris Zubia 0-0: Ball
1-0: Ball
2-0: Called Strike
2-1: Ball
3-1: Base on Balls
Batting: LHB Dennis Jones 0-0: Ball
1-0: Foul Ball, location: 2F
1-1: Ball
2-1: Fielders Choice at 2nd, 4-6 (Groundball, 4D, EV 104.4 MPH)
Batting: RHB Burke Miller 0-0: Ball
1-0: Swinging Strike
1-1: Foul Ball, location: 2F
1-2: Ball
2-2: Ball
3-2: Strikes out looking
Top of the 2nd over - 0 runs, 0 hits, 0 errors, 1 left on base; University of Miami 0 - University of Georgia 0
BOTTOM OF THE 2ND
University of Georgia Bulldogs batting - Pitching for University of Miami Hurricanes : RHP Gareth Valcourt
Pitching: RHP Carlos Visoso
Batting: RHB Nate McCormick 0-0: Swinging Strike
0-1: Ball
1-1: Swinging Strike
1-2: Strikes out swinging
Batting: LHB Casey Bass 0-0: Ground out 6-3 (Groundball, 6, EV 86.9 MPH)
Batting: RHB Rodolfo Solis 0-0: Swinging Strike
0-1: Ball
1-1: Foul Ball, location: 2F
1-2: DOUBLE (Groundball, 3L, EV 95.6 MPH)
Batting: LHB Cole Sanchez 0-0: Ground out 3-1 (Groundball, 34S, EV 81.9 MPH)
Bottom of the 2nd over - 0 runs, 1 hit, 0 errors, 1 left on base; University of Miami 0 - University of Georgia 0
TOP OF THE 3RD
University of Miami Hurricanes batting - Pitching for University of Georgia Bulldogs : LHP Aloiki Orana
Batting: RHB Luis Sanchez 0-0: Ground out 5-3 (Groundball, 56, EV 102.5 MPH)
Batting: RHB Danny Gallardo 0-0: Swinging Strike
0-1: Swinging Strike
0-2: Foul Ball, location: 2F
0-2: Foul Ball, location: 2F
0-2: Ball
1-2: Ball
2-2: Strikes out swinging
Batting: LHB Hector Salazar 0-0: Foul Ball, location: 2F
0-1: Called Strike
0-2: Strikes out swinging
Top of the 3rd over - 0 runs, 0 hits, 0 errors, 0 left on base; University of Miami 0 - University of Georgia 0
BOTTOM OF THE 3RD
University of Georgia Bulldogs batting - Pitching for University of Miami Hurricanes : RHP Carlos Visoso
Batting: RHB Justin Szymczyk 0-0: Ball
1-0: Foul Ball, location: 2F
1-1: Ball
2-1: Ball
3-1: Ground out 5-3 (Groundball, 56S, EV 89.4 MPH)
Batting: LHB Milton Yeo 0-0: Swinging Strike
0-1: Foul Ball, location: 2F
0-2: Ball
1-2: Strikes out swinging
Batting: RHB James Warby 0-0: Called Strike
0-1: Swinging Strike
0-2: Ball
1-2: Ball
2-2: Ball
3-2: Strikes out looking
Bottom of the 3rd over - 0 runs, 0 hits, 0 errors, 0 left on base; University of Miami 0 - University of Georgia 0
TOP OF THE 4TH
University of Miami Hurricanes batting - Pitching for University of Georgia Bulldogs : LHP Aloiki Orana
Batting: LHB Juan Zuniga 0-0: Ball
1-0: Bunt missed!
1-1: Swinging Strike
1-2: Ball
2-2: Ball
3-2: Strikes out swinging
Batting: RHB Jeff Parlo 0-0: Ball
1-0: Foul Ball, location: 2F
1-1: Ground out 4-3 (Groundball, 4, EV 88.1 MPH)
Batting: SHB Taylor Shelton 0-0: Called Strike
0-1: Foul Ball, location: 2F
0-2: Reached on error, E3 (Groundball, 34S, EV 88.1 MPH)
Batting: RHB Chris Zubia 0-0: Swinging Strike
0-1: Ball
1-1: Called Strike
1-2: Ball
2-2: Foul Ball, location: 2F
2-2: Foul Ball, location: 2F
2-2: Ball
Passed Ball!
Taylor Shelton to second
3-2: Foul Ball, location: 2F
3-2: Foul Ball, location: 2F
3-2: Ground out 3-1 (Groundball, 34S, EV 72.5 MPH)
Top of the 4th over - 0 runs, 0 hits, 1 error, 1 left on base; University of Miami 0 - University of Georgia 0
BOTTOM OF THE 4TH
University of Georgia Bulldogs batting - Pitching for University of Miami Hurricanes : RHP Carlos Visoso
Batting: RHB Murilo Cunha 0-0: Called Strike
0-1: Ball
1-1: Swinging Strike
1-2: Foul Ball, location: 2F
1-2: Ball
2-2: Ball
3-2: Foul Ball, location: 2F
3-2: Strikes out swinging
Batting: RHB Charlie Davison 0-0: Ball
1-0: Fly out, F9 (Flyball, 9D, EV 98.1 MPH)
Batting: RHB Nate McCormick 0-0: Foul Ball, location: 2F
0-1: Foul Ball, location: 2F
0-2: Strikes out swinging
Bottom of the 4th over - 0 runs, 0 hits, 0 errors, 0 left on base; University of Miami 0 - University of Georgia 0
TOP OF THE 5TH
University of Miami Hurricanes batting - Pitching for University of Georgia Bulldogs : LHP Aloiki Orana
Batting: LHB Dennis Jones 0-0: Ball
1-0: Ball
2-0: Foul Ball, location: 2F
2-1: Ball
3-1: Ground out 4-3 (Groundball, 4, EV 81.9 MPH)
Batting: RHB Burke Miller 0-0: Swinging Strike
0-1: Ball
1-1: DOUBLE (Flyball, 78D, EV 101.9 MPH)
Batting: RHB Luis Sanchez 0-0: Foul Ball, location: 2F
0-1: Swinging Strike
0-2: 2-RUN HOME RUN (Flyball, 7D, EV 94.4 MPH), Distance : 360 ft
Batting: RHB Danny Gallardo 0-0: Ball
1-0: Called Strike
1-1: Ball
2-1: Ball
3-1: Foul Ball, location: 2F
3-2: Ground out 5-3 (Groundball, 56, EV 83.1 MPH)
Batting: LHB Hector Salazar 0-0: Called Strike
0-1: Foul Ball, location: 2F
0-2: Fly out, F1 (Line Drive, P, EV 61.9 MPH)
Top of the 5th over - 2 runs, 2 hits, 0 errors, 0 left on base; University of Miami 2 - University of Georgia 0
BOTTOM OF THE 5TH
University of Georgia Bulldogs batting - Pitching for University of Miami Hurricanes : RHP Carlos Visoso
Batting: LHB Casey Bass 0-0: Called Strike
0-1: Ball
1-1: Fly out, F8 (Flyball, 8LD, EV 98.1 MPH)
Batting: RHB Rodolfo Solis 0-0: Called Strike
0-1: Reached on error, E4 (Groundball, 4S, EV 90.0 MPH)
Batting: LHB Cole Sanchez 0-0: Foul Ball, location: 2F
0-1: Ball
1-1: Ball
2-1: Foul Ball, location: 2F
2-2: Strikes out looking
Pinch Hitting: LHB Bryan Ross 0-0: Ball
1-0: Ground out 4-3 (Groundball, 34D, EV 96.2 MPH)
Bottom of the 5th over - 0 runs, 0 hits, 1 error, 1 left on base; University of Miami 2 - University of Georgia 0
TOP OF THE 6TH
University of Miami Hurricanes batting - Pitching for University of Georgia Bulldogs : LHP Aloiki Orana
Pitching: RHP Francisco Almanzar
Now at 2B: Albert Rodriguez
Batting: LHB Juan Zuniga 0-0: Foul Ball, location: 2F
0-1: Ball
1-1: Ball
2-1: Ball
3-1: Foul Ball, location: 2F
3-2: Foul Ball, location: 2F
3-2: Base on Balls
Batting: RHB Jeff Parlo 0-0: Ball
1-0: Reached on error, E6 (Groundball, 6, EV 111.9 MPH)
Juan Zuniga to second
Pitching: LHP Vinny Segarra
Batting: SHB Taylor Shelton 0-0: Ball
1-0: Foul Ball, location: 2F
1-1: Foul Ball, location: 2F
1-2: SINGLE (Flyball, 78S, EV 93.8 MPH)
Juan Zuniga to third
Jeff Parlo to second
Batting: RHB Chris Zubia 0-0: Ball
1-0: Foul Ball, location: 2F
1-1: Foul Ball, location: 2F
1-2: Ball
2-2: Ball
Wild Pitch!
Juan Zuniga scores
Jeff Parlo to third
Taylor Shelton to second
3-2: Fly out, F6 (Popup, 6, EV 65.6 MPH)
Batting: LHB Dennis Jones 0-0: Called Strike
0-1: Ball
1-1: Foul Ball, location: 2F
1-2: Ball
2-2: Ground out 3-1 (Groundball, 34S, EV 80.0 MPH)
Jeff Parlo scores
Taylor Shelton to third
Batting: RHB Burke Miller 0-0: Ball
1-0: Ground out 4-3 (Groundball, 4, EV 81.9 MPH)
Top of the 6th over - 2 runs, 1 hit, 1 error, 1 left on base; University of Miami 4 - University of Georgia 0
BOTTOM OF THE 6TH
University of Georgia Bulldogs batting - Pitching for University of Miami Hurricanes : RHP Carlos Visoso
Batting: LHB Milton Yeo 0-0: Foul Ball, location: 2F
0-1: Swinging Strike
0-2: Strikes out looking
Batting: RHB James Warby 0-0: Ground out 6-3 (Groundball, 6, EV 101.9 MPH)
Batting: RHB Murilo Cunha 0-0: Ball
1-0: Foul Ball, location: 2F
1-1: Swinging Strike
1-2: Ball
2-2: Strikes out swinging
Bottom of the 6th over - 0 runs, 0 hits, 0 errors, 0 left on base; University of Miami 4 - University of Georgia 0
TOP OF THE 7TH
University of Miami Hurricanes batting - Pitching for University of Georgia Bulldogs : LHP Vinny Segarra
Pitching: LHP Andres Caceres
Batting: RHB Luis Sanchez 0-0: Ball
1-0: Ball
2-0: Swinging Strike
2-1: Foul Ball, location: 2F
2-2: Ball
3-2: Ground out U3 (Groundball, 34, EV 101.2 MPH)
Batting: RHB Danny Gallardo 0-0: Foul Ball, location: 2F
0-1: Ball
1-1: Swinging Strike
1-2: Ball
2-2: Ball
3-2: Ground out 4-3 (Groundball, 34, EV 80.6 MPH)
Batting: RHB Drew Morgenstern 0-0: Foul Ball, location: 2F
0-1: Ball
1-1: Ball
2-1: Ball
3-1: Base on Balls
Batting: LHB Juan Zuniga 0-0: Ball
1-0: Fielders Choice at 2nd, 6-4 (Groundball, 6, EV 91.2 MPH)
Top of the 7th over - 0 runs, 0 hits, 0 errors, 1 left on base; University of Miami 4 - University of Georgia 0
BOTTOM OF THE 7TH
University of Georgia Bulldogs batting - Pitching for University of Miami Hurricanes : RHP Carlos Visoso
Pitching: LHP Bill Judd
Batting: RHB Charlie Davison 0-0: Called Strike
0-1: Foul Ball, location: 2F
0-2: Foul Ball, location: 2F
0-2: Ball
1-2: Strikes out swinging
Batting: RHB Nate McCormick 0-0: Ball
1-0: Swinging Strike
1-1: Swinging Strike
1-2: Strikes out swinging
Pinch Hitting: RHB Ed Howard 0-0: SOLO HOME RUN (Flyball, 78XD, EV 106.9 MPH), Distance : 404 ft
Batting: RHB Rodolfo Solis 0-0: Fly out, F7 (Flyball, 7, EV 77.5 MPH)
Bottom of the 7th over - 1 run, 1 hit, 0 errors, 0 left on base; University of Miami 4 - University of Georgia 1
TOP OF THE 8TH
University of Miami Hurricanes batting - Pitching for University of Georgia Bulldogs : LHP Andres Caceres
Pitching: RHP Raul Ledesma
Now at 1B: Ed Howard
Batting: RHB Jeff Parlo 0-0: Ball
1-0: Foul Ball, location: 2F
1-1: SINGLE (Groundball, 4M, EV 100.6 MPH) (infield hit)
Batting: SHB Taylor Shelton 0-0: Foul Ball, location: 2F
0-1: Ball
Jeff Parlo steals 2nd, throwing error, E2
Jeff Parlo to third
1-1: Ball
2-1: Ball
3-1: Called Strike
3-2: Foul Ball, location: 2F
3-2: Foul Ball, location: 2F
3-2: Foul Ball, location: 2F
3-2: Ground out U3 (Groundball, 34, EV 91.9 MPH)
Jeff Parlo scores
Pinch Hitting: RHB Sam Costello 0-0: Swinging Strike
0-1: Foul Ball, location: 2F
0-2: Ground out 3-1 (Groundball, 34, EV 101.9 MPH)
Batting: LHB Dennis Jones 0-0: Foul Ball, location: 2F
0-1: Ball
1-1: Ball
2-1: Foul Ball, location: 2F
2-2: Ball
3-2: Foul Ball, location: 2F
3-2: Foul Ball, location: 2F
3-2: Ground out U3 (Groundball, 3, EV 89.4 MPH)
Top of the 8th over - 1 run, 1 hit, 1 error, 0 left on base; University of Miami 5 - University of Georgia 1
BOTTOM OF THE 8TH
University of Georgia Bulldogs batting - Pitching for University of Miami Hurricanes : LHP Bill Judd
Now at 3B: Addergoole Kartosuwiryo
Pinch Hitting: RHB Pat Svenson 0-0: Called Strike
0-1: Called Strike
0-2: Ball
1-2: Ball
2-2: Foul Ball, location: 2F
2-2: Ground out 5-3 (Groundball, 5, EV 93.8 MPH)
Batting: RHB Albert Rodriguez 0-0: Ground out 5-3 (Groundball, 56S, EV 89.4 MPH)
Batting: LHB Andy Dyer 0-0: Foul Ball, location: 2F
0-1: Reached on error, E6 (Groundball, 56, EV 102.5 MPH)
Batting: RHB James Warby 0-0: Ball
1-0: Ball
2-0: Ball
3-0: Base on Balls
Andy Dyer to second
Pitching: RHP Juan Peralez
Pinch Hitting: LHB Luis Mejia 0-0: Ball
1-0: Ball
2-0: Called Strike
2-1: Foul Ball, location: 2F
2-2: Foul Ball, location: 2F
2-2: Strikes out looking
Bottom of the 8th over - 0 runs, 0 hits, 1 error, 2 left on base; University of Miami 5 - University of Georgia 1
TOP OF THE 9TH
University of Miami Hurricanes batting - Pitching for University of Georgia Bulldogs : RHP Raul Ledesma
Pitching: LHP Cory Hartley
Now in LF: Pat Svenson
Now in CF: Edwin Zavala
Pinch Hitting: RHB Leonardo Morales 0-0: Ball
1-0: Ball
2-0: Called Strike
2-1: Fly out, F8 (Flyball, 89S, EV 76.9 MPH)
Batting: RHB Luis Sanchez 0-0: Called Strike
0-1: Ball
1-1: Ball
2-1: Ball
3-1: DOUBLE (Line Drive, 9LS, EV 101.9 MPH)
Batting: RHB Danny Gallardo 0-0: Foul Ball, location: 2F
0-1: Foul Ball, location: 2F
0-2: Strikes out looking
Batting: RHB Drew Morgenstern 0-0: Ball
1-0: Ball
2-0: Fly out, F7 (Flyball, 7, EV 78.8 MPH)
Top of the 9th over - 0 runs, 1 hit, 0 errors, 1 left on base; University of Miami 5 - University of Georgia 1
BOTTOM OF THE 9TH
University of Georgia Bulldogs batting - Pitching for University of Miami Hurricanes : RHP Juan Peralez
Now in LF: Jonathan Gardner
Pinch Hitting: RHB Javier Alcorta 0-0: Foul Ball, location: 2F
0-1: Called Strike
0-2: Ball
1-2: Foul Ball, location: 2F
1-2: Foul Ball, location: 2F
1-2: Foul Ball, location: 2F
1-2: Ball
2-2: Ground out 4-3 (Groundball, 34, EV 100.0 MPH)
Pinch Hitting: RHB Mike McElwee 0-0: Called Strike
0-1: Ball
1-1: Foul Ball, location: 2F
1-2: Foul Ball, location: 2F
1-2: SOLO HOME RUN (Flyball, 7D, EV 98.1 MPH), Distance : 367 ft
Batting: RHB Ed Howard 0-0: Ball
1-0: Fly out, F9 (Flyball, 9D, EV 98.1 MPH)
Pinch Hitting: RHB Salvatore Jaime 0-0: Ball
1-0: Ball
2-0: Foul Ball, location: 2F
2-1: Ground out 6-3 (Groundball, 6, EV 80.6 MPH)
Bottom of the 9th over - 1 run, 1 hit, 0 errors, 0 left on base; University of Miami 5 - University of Georgia 2
Tuesday, September 13th , 2022 - OOTP Baseball 23.7 Build 88